 Dungeon Crawl Stone Soup version 0.29.0-4-gdea44cf6ec (webtiles) character file.

Game seed: 15168588669757889812

91 qw the Chopper (level 4, -7/26 HPs)
             Began as a Tengu Warper on Aug 28, 2022.
             Mangled by a gnoll
             ... wielding a +0 halberd
              (13 damage)
             ... on level 3 of the Dungeon.
             The game lasted 00:00:12 (2206 turns).

qw the Chopper (Tengu Warper)                       Turns: 2206, Time: 00:00:12

Health: -7/26      AC:  6    Str: 14    XL:     4   Next: 59%
Magic:  8/8        EV:  9    Int: 13    God:
Gold:   69         SH:  0    Dex: 13    Spells: 7/7 levels left

rFire   . . .      SeeInvis .   Y - +0 hand axe
rCold   . . .      Faith    .   (no shield)
rNeg    . . .      Spirit   .   c - +0 scale mail
rPois   .          Reflect  .   (helmet restricted)
rElec   .          Harm     .   (no cloak)
rCorr   .          Rampage  .   (no gloves)
Will    .....                   (boots unavailable)
Stlth   ..........              (no amulet)
HPRegen 0.08/turn               (no ring)
MPRegen 0.11/turn               (no ring)

@: no status effects
A: beak, talons 3
a: no special abilities


You were on level 3 of the Dungeon.
You visited 1 branch of the dungeon, and saw 3 of its levels.

You collected 69 gold pieces.


Innate Abilities, Weirdness & Mutations

You have a beak for a mouth.
You have claws for feet.


   Skills:
 - Level 2.0 Fighting
 + Level 5.1 Axes
 - Level 1.0 Throwing
 - Level 1.1 Armour
 - Level 2.1 Dodging
 - Level 2.0 Spellcasting
 - Level 2.4 Translocations


You had 7 spell levels left.
You didn't know any spells.
Your spell library contained the following spells:

 Spells                   Type           Power      Damage    Failure   Level
 Blink                    Tloc           14%        N/A       54%         2
 Gell's Gravitas          Tloc           7%         N/A       77%         3
 Lesser Beckoning         Tloc           7%         N/A       77%         3
 Teleport Other           Tloc           7%         N/A       77%         3
 Manifold Assault         Tloc           7%         N/A       100%        5

Inventory:

Hand Weapons
 k - a +0 flail
 Y - a +0 hand axe (weapon)
Missiles
 e - 4 boomerangs (quivered)
Armour
 c - a +0 scale mail (worn)
Scrolls
 d - a scroll of identify
 j - a scroll of fog {unknown}
Potions
 f - a potion of mutation {unknown}
 g - 3 potions of curing
 h - a potion of resistance
 i - a potion of ambrosia {unknown}

Dungeon Overview and Level Annotations

Branches:
Dungeon (3/15)

Altars:
Ru


Message History

Press: ? - help, Q - select action, (/) - cycle Shift-Dir - straight line, f - gnoll You throw a javelin.
The javelin pierces through the gnoll!
The gnoll is severely wounded.
You hear a shout!
A gnoll comes into view. It is wielding a +0 halberd.
2196 ||| Stepping ~*~*~tactically~*~*~ (hiding).
Throw: javelin
Press: ? - help, Q - select action, (/) - cycle Shift-Dir - straight line, f/p - gnoll You throw a javelin.
The javelin closely misses the gnoll.
You hit the gnoll but do no damage.
The gnoll is severely wounded.
The gnoll hits you with a +2 flail of protection.
You closely miss the gnoll. You peck the gnoll, but do no damage.
The gnoll is severely wounded.
The gnoll hits you with a +2 flail of protection.
A gnoll comes into view. It is wielding a +0 whip.
You barely miss the gnoll.
The gnoll shouts!
You claw the gnoll.
The gnoll is almost dead.
You hear an angry hiss.
The gnoll hits you with a +2 flail of protection.
You barely miss the gnoll. You claw the gnoll.
You kill the gnoll!
The gnoll hits you with a +0 whip. The gnoll closely misses you.
Things that are here:
a +2 flail of protection; a gnoll corpse You closely miss the gnoll.
You peck the gnoll.
The gnoll is moderately wounded.
The gnoll barely misses you. x2
A ball python comes into view.
The ball python hisses angrily.
You hit the gnoll. You peck the gnoll.
The gnoll is almost dead.
The gnoll hits you but does no damage. The gnoll closely misses you.
You completely miss the gnoll. You peck the gnoll.
You kill the gnoll!
The gnoll hits you from afar with a +0 halberd!
Ouch! That really hurt!
You die...

##### #...# . #...# .#
#...# ... #...# .#.#
###...# ...(.
......############g.....
............%...@)S.....
....####....)...###.####
.....¤~~~¤.~~~¤~....
....#~####+####~####
.....## ##.. .....# ....
.....# .... ....## ....
....#


You could see a gnoll and a ball python.

Vanquished Creatures
  3 gnolls (D:3)
  2 adders
  A worm (D:3)
  3 dart slugs
  3 orcs (D:3)
  4 ball pythons
  4 endoplasms
  2 giant cockroaches
  4 hobgoblins
  2 quokkas
  6 bats
  2 frilled lizards
  3 goblins (D:2)
  3 kobolds (D:2)
  3 rats
45 creatures vanquished.

Notes
Turn   | Place    | Note
-------+----------+-------------------------------------------
     0 | D:1      | qw the Tengu Warper began the quest for the Orb.
     0 | D:1      | Reached XP level 1. HP: 12/12 MP: 4/4
     0 | D:1      | 0 ||| qw: Version: 0.1-a-89-g26bdef1
     0 | D:1      | 0 ||| qw: Game counter: 3356
     0 | D:1      | 0 ||| qw: Always use a shield: true
     0 | D:1      | 0 ||| qw: God list: Okawaru
     0 | D:1      | 0 ||| qw: Allow faded altars: false
     0 | D:1      | 0 ||| qw: Do Orc after D:15 true
     0 | D:1      | 0 ||| qw: Do second Lair branch before Depths: true
     0 | D:1      | 0 ||| qw: Lair rune preference: random
     0 | D:1      | 0 ||| qw: Plans: Normal
     0 | D:1      | 0 ||| PLANNING D:1-11
   134 | D:1      | Reached skill level 3 in Axes
   134 | D:1      | Reached XP level 2. HP: 11/17 MP: 6/6
   239 | D:1      | Noticed a great orb of eyes
   245 | D:1      | Found a faded altar of an unknown god.
   247 | D:1      | Noticed a golden eye
   249 | D:1      | 249 ||| UPGRADING to +0 ring mail.
   254 | D:1      | Noticed a floating eye
   254 | D:1      | Noticed a golden eye
   257 | D:1      | 257 ||| UPGRADING to +0 leather armour.
   262 | D:1      | 262 ||| UPGRADING to +0 ring mail.
   272 | D:1      | 272 ||| DROPPING +0 leather armour.
   296 | D:1      | 296 ||| Stepping ~*~*~tactically~*~*~ (stealth).
   297 | D:1      | 297 ||| Stepping ~*~*~tactically~*~*~ (stealth).
   299 | D:1      | 299 ||| Stepping ~*~*~tactically~*~*~ (stealth).
   362 | D:1      | You fall into a shaft and drop 1 floor!
   436 | D:2      | Reached XP level 3. HP: 21/21 MP: 7/7
   451 | D:2      | Found a sacrificial altar of Ru.
   491 | D:2      | 491 ||| READING scroll labelled ZAK ITAQUHOSCH.
   496 | D:2      | 496 ||| READING 4 scrolls labelled WYVETZ HECOL.
   497 | D:2      | 497 ||| READING scroll labelled ZITIHA UGACSIU.
   498 | D:2      | 498 ||| DRINKING 2 yellow potions.
   499 | D:2      | 499 ||| READING 3 scrolls of identify.
   499 | D:2      | 499 ||| IDENTIFYING murky blue potion
   500 | D:2      | 500 ||| READING 2 scrolls of identify.
   500 | D:2      | 500 ||| IDENTIFYING lumpy dark potion
   501 | D:2      | 501 ||| DROPPING scroll of blinking.
   502 | D:2      | 502 ||| DROPPING potion of attraction.
   830 | D:1      | Reached skill level 4 in Axes
   964 | D:1      | 964 ||| UPGRADING to +0 scale mail.
   974 | D:1      | 974 ||| DROPPING +0 ring mail.
   975 | D:1      | 975 ||| DRINKING 2 golden potions.
   976 | D:1      | 976 ||| DROPPING potion of brilliance.
  1009 | D:2      | 1009 ||| STAIRDANCE
  1595 | D:2      | 1595 ||| READING scroll labelled ROMMESK LELEY.
  1615 | D:3      | 1615 ||| STAIRDANCE
  1663 | D:3      | 1663 ||| STAIRDANCE
  1671 | D:2      | Reached XP level 4. HP: 15/26 MP: 8/8
  1811 | D:3      | 1811 ||| STAIRDANCE
  2033 | D:3      | Reached skill level 5 in Axes
  2190 | D:3      | 2190 ||| DROPPING +0 whip.
  2196 | D:3      | 2196 ||| Stepping ~*~*~tactically~*~*~ (hiding).
  2203 | D:3      | HP: 6/26 [gnoll/+0 whip (6)]
  2206 | D:3      | Mangled by a gnoll

Levels and vault maps discovered:
D:1:      dpeg_arrival_shelter, layout_basic,
          hellmonk_ecumenical_altar_watching_god, grunt_decor_cap
D:2:      layout_basic, basic_altar, lemuel_another_geyser
D:3:      layout_basic, elyvilon_altar_4, lightli_temple_of_fire, serial_glass,
          glass_columns_c, glass_columns_a

Skill      XL: |  1  2  3  4 |
---------------+-------------+-----
Axes           | 3 4 5 |  5.1
Fighting       | |  2.0
Throwing       | |  1.0
Armour         | |  1.1
Dodging        | |  2.1
Spellcasting   | |  2.0
Translocations | |  2.4

Action                   |  1- 3 |  4- 6 || total
-------------------------+-------+-------++-------
Melee: Hand axe          |    73 |    25 ||    98
       Peck              |    12 |     6 ||    18
       Kick              |    13 |     5 ||    18
       Punch             |     1 |     1 ||     2
Throw: Boomerang         |     7 |       ||     7
       Javelin           |     7 |     8 ||    15
  Use: Scroll            |     6 |       ||     6
       Potion            |     2 |       ||     2
Armor: Leather armour    |     1 |       ||     1
       Ring mail         |    19 |       ||    19
       Scale mail        |    24 |     3 ||    27
Dodge: Dodged            |    48 |    11 ||    59

Table legend:
 A = Non-vault XP
 B = Vault XP
 C = Vault XP percentage of total XP
 D = Non-vault monster count
 E = Vault monster count
 F = Vault count percentage of total count
                 A         B        C        D         E       F
            +---------+---------+-------+---------+---------+-------
      Total |     146 |       0 |   0.0 |      45 |       0 |   0.0
            +---------+---------+-------+---------+---------+-------
        D:1 |      46 |       0 |   0.0 |      18 |       0 |   0.0
        D:2 |      38 |       0 |   0.0 |      17 |       0 |   0.0
        D:3 |      62 |       0 |   0.0 |      10 |       0 |   0.0
            +---------+---------+-------+---------+---------+-------
